 Dungeon Crawl Stone Soup version 0.18.1-5-g4a78601 (webtiles) character file.

61 inmateoo the Shield-Bearer (level 4, -2/29 HPs)
             Began as a Gargoyle Fighter on May 11, 2016.
             Killed from afar by a white imp (8 damage)
             ... with a puff of frost
             ... summoned by Natasha
             ... on level 2 of the Dungeon.
             The game lasted 00:01:39 (1226 turns).

inmateoo the Shield-Bearer (Gargoyle Fighter)       Turns: 1226, Time: 00:01:40

Health: -2/29      AC: 12    Str: 21    XL:     4   Next: 7%
Magic:  4/4        EV:  5    Int:  8    God:
Gold:   30         SH:  9    Dex:  9    Spells: 0 memorised, 3 levels left

rFire  . . .     SeeInvis .     a - +0 flail
rCold  . . .     Gourm    .     r - +0 chain mail
rNeg   + . .     Faith    .     c - +0 shield
rPois  ∞         Spirit   .     (no helmet)
rElec  +         Dismiss  .     (no cloak)
rCorr  .         Reflect  .     (no gloves)
SustAt .         Harm     .     (no boots)
MR     .....                    (no amulet)
Stlth  ..........               (no ring)
                                (no ring)

@: slowed, very slow, not resistant to hostile enchantments, extremely
unstealthy
A: negative energy resistance 1, electricity resistance, unbreathing,
petrification resistance, rot immunity, AC +3
a: no special abilities


You were on level 2 of the Dungeon.
You were hungry.

You visited 1 branch of the dungeon, and saw 2 of its levels.

You collected 30 gold pieces.

Inventory:

Hand Weapons
 a - a +0 flail (weapon)
Armour
 c - a +0 shield (worn)
 r - a +0 chain mail (worn)
Scrolls
 e - a scroll of enchant armour {unknown}
 i - 5 scrolls of remove curse {unknown}
 j - a scroll of identify {unknown}
 l - a scroll of enchant weapon {unknown}
 n - 2 scrolls of teleportation {unknown}
 p - a scroll of fear {unknown}
Potions
 d - a potion of might
 h - 2 potions of curing
 k - a potion of haste {unknown}
 m - 2 potions of mutation {unknown}
 o - a potion of brilliance {unknown}
 q - 2 potions of heal wounds {unknown}
Comestibles
 f - 3 bread rations
 g - a beef jerky


   Skills:
 + Level 3.7 Fighting
 * Level 3.1 Maces & Flails
 + Level 3.7 Armour
 + Level 3.8 Shields


You had 3 spell levels left.
You didn't know any spells.

Dungeon Overview and Level Annotations

Branches:
Dungeon (2/15)

Altars:

Annotations:
D:2 Natasha


Innate Abilities, Weirdness & Mutations

You are resistant to torment.
Your stone body is resilient (AC +3).
You are immune to poison.
You resist negative energy.
You are resistant to electric shocks.
You can survive without breathing.
You are immune to petrification.
You are immune to rotting.


Message History

The giant cockroach bites you but does no damage.
You block the white imp's attack. You block the giant cockroach's attack.
Natasha claws you but does no damage. The white imp gestures at you.
The puff of frost misses you.
You barely miss Natasha.
Natasha is severely wounded.
The giant cockroach completely misses you.
The shadow imp hits you.
Natasha mumbles some strange words.
Natasha shimmers violently.
Natasha claws you but does no damage. You block the white imp's attack.
The giant cockroach bites you but does no damage.
The shadow imp gestures at you. Pain shoots through your body!
* * * LOW HITPOINT WARNING * * *
Natasha claws you but does no damage. The white imp gestures at you.
The puff of frost hits you!
You die...

################### ###
..........=.......# #..
......s5....#####.####..
......h@....# #........
......5.....# #..#.....
............####..#..#..
...............#....#_#.
............##.#.....#..
..................#.....
#########....[....#.....
.............#.####
..........)...#..


You could see Natasha, a white imp, a shadow imp and a giant cockroach.

Vanquished Creatures
  Natasha (D:2)
  An adder (D:2)
  A worm (D:2)
  A dart slug (D:1)
  A giant cockroach (D:1)
  3 goblins (D:1)
  2 hobgoblins (D:2)
  A kobold (D:2)
  A ball python (D:2)
  9 bats
  A giant newt (D:1)
  2 rats (D:1)
24 creatures vanquished.

Notes
Turn   | Place    | Note
--------------------------------------------------------------
     0 | D:1      | inmateoo the Gargoyle Fighter began the quest for the Orb.
     0 | D:1      | Reached XP level 1. HP: 14/14 MP: 1/1
   254 | D:1      | Reached XP level 2. HP: 19/19 MP: 2/2
   769 | D:2      | Found a faded altar to an unknown god.
   909 | D:2      | Noticed Natasha
   917 | D:2      | Noticed a crimson imp
   918 | D:2      | Noticed a crimson imp
   918 | D:2      | Killed Natasha
   918 | D:2      | Reached XP level 3. HP: 23/23 MP: 3/3
   961 | D:2      | Reached XP level 4. HP: 25/29 MP: 4/4
  1215 | D:2      | Noticed Natasha
  1226 | D:2      | Killed from afar by a white imp

Skill      XL: |  1  2  3 |
---------------+----------+-----
Maces & Flails | 3 |  3.1
Fighting       | |  3.7
Armour         | |  3.7
Shields        | |  3.8

Action                   |  1- 3 |  4- 6 || total
-------------------------+-------+-------++-------
Melee: Flail             |   140 |    52 ||   192
  Eat: Chunk             |       |     1 ||     1
Armor: Scale mail        |    92 |       ||    92
       Chain mail        |    30 |    71 ||   101
Dodge: Dodged            |    53 |    21 ||    74
Block: Shield            |   104 |    52 ||   156
